 Dungeon Sprint DCSS version 0.28-a0-1518-gbe868bca14 (webtiles) character file.

Game seed: 977605642120081503

13793 mhtbhm the Severer (level 11, -1/114 HPs)
             Began as a Minotaur Fighter on Jan 16, 2022.
             Was the Champion of Qazlal.
             Killed from afar by a deep elf zephyrmancer (42 damage)
             ... with a bolt of lightning
             ... in the Dungeon (Sprint VII: "The Pits").
             The game lasted 00:03:59 (2151 turns).

mhtbhm the Severer (Minotaur Fighter)               Turns: 2151, Time: 00:04:00

Health: -1/114     AC: 27    Str: 24    XL:     11   Next: 80%
Magic:  10/18      EV:  9    Int:  5    God:    Qazlal [******]
Gold:   0          SH: 16    Dex: 14    Spells: 10/10 levels left

rFire   + . .      SeeInvis .   a - +1 broad axe (freeze)
rCold   . . .      Faith    .   c - +0 buckler
rNeg    . . .      Spirit   .   b - +3 plate armour {rF+}
rPois   .          Reflect  .   (helmet restricted)
rElec   .          Harm     .   (no cloak)
rCorr   .          Rampage  .   r - +0 pair of gloves
Will    .....      NoTele   +   (no boots)
Stlth   ..........              (no amulet)
HPRegen 0.29/turn               o - +3 ring of protection
MPRegen 0.16/turn               n - +3 ring of dexterity

@: protected from physical damage, repel missiles
A: horns 2, retaliatory headbutt
a: Renounce Religion, Upheaval, Elemental Force, Disaster Area


You were in the Dungeon.
You worshipped Qazlal.
Qazlal was exalted by your worship.
You visited 1 branch

Inventory:

Hand Weapons
 a - a +1 broad axe of freezing (weapon)
Armour
 b - a +3 plate armour of fire resistance (worn)
 c - a +0 buckler (worn)
 r - a +0 pair of gloves (worn)
Jewellery
 n - a +3 ring of dexterity (right hand)
 o - a +3 ring of protection (left hand)
Scrolls
 j - a scroll of blinking
 k - 5 scrolls of amnesia
 l - a scroll of summoning
Potions
 d - a potion of might
 e - 4 potions of curing
 f - 2 potions of invisibility
 g - 2 potions of haste
 h - 4 potions of magic
 i - 3 potions of berserk rage
 m - 2 potions of heal wounds
 p - a potion of brilliance
 q - 3 potions of mutation


   Skills:
 + Level 16.1 Fighting
 + Level 19.1 Axes
 + Level 15.3 Armour
 + Level 2.9 Dodging
 + Level 1.4 Stealth
 + Level 17.1 Shields
 * Level 10.8 Invocations


You had 10 spell levels left.
You didn't know any spells.
Your spell library was empty.

Dungeon Overview and Level Annotations

Branches:
Dungeon (1/1)

Altars:
Ashenzari
Cheibriados
Dithmenos
Elyvilon
Fedhas
Gozag
Hepliaklqana
Kikubaaqudgha
Makhleb
Nemelex Xobeh
Okawaru
Qazlal
Ru
Sif Muna
Trog
Uskayaw
Vehumet
Wu Jian
Xom
Yredelemnul
Zin
The Shining One
Beogh
Jiyva
Lugonu


Innate Abilities, Weirdness & Mutations

You have a pair of horns on your head.
You reflexively headbutt those who attack you in melee.


Message History

You barely miss the deep elf zephyrmancer.
Your headbutt misses the deep elf zephyrmancer.
The deep elf zephyrmancer is lightly wounded.
You slash the swamp dragon! You freeze the swamp dragon.
The swamp dragon bites you but does no damage.
You block the swamp dragon's attack.
The swamp dragon tramples you but does no damage.
You miss the deep elf zephyrmancer.
The deep elf zephyrmancer is moderately wounded.
You hit the swamp dragon but do no damage.
You feel sick.
The deep elf zephyrmancer is engulfed in poison gas.
The deep elf zephyrmancer looks even sicker.
The deep elf zephyrmancer mumbles some strange words.
The deep elf zephyrmancer blinks!
You block the swamp dragon's attack.
The swamp dragon claws you but does no damage.
You block the swamp dragon's attack.
You feel sick.
The deep elf zephyrmancer casts a spell at you.
The bolt of lightning hits you!!
* * * LOW HITPOINT WARNING * * *
The cyclops is engulfed in freezing vapours.
You block the cyclops's attack.
You see here a dream sheep corpse.
You feel better.
The deep elf zephyrmancer is engulfed in freezing vapours.
The cyclops is engulfed in freezing vapours.
You block the cyclops's attack.
You hit the cyclops. You freeze the cyclops. You headbutt the cyclops!
You kill the cyclops!
Qazlal accepts your kill.
You slash the swamp dragon! You freeze the swamp dragon!
You kill the swamp dragon!
Qazlal accepts your kill.
Your Fighting skill increases to level 16!
Your Shields skill increases to level 17!
Unknown command.
The deep elf zephyrmancer points at you and mumbles some strange words.
The bolt of lightning hits you!!!
You die...

###################
....#).....#.......
....'......#.......#
#...#####+##.......
#........†).....≈..
#.......)##)##....
#.#####..#÷..#..###+##
#.'...#..#...#.e#†°..#
..#.†.+..##'##.°@.°†.#
..#...#......)☼.####'#
..#...#.......).°D.....
..#+###...####+##≈.....#
.......... ......#
.......... .....
######### #####


You could see a deep elf zephyrmancer (very poisoned).

Vanquished Creatures
  A rakshasa (D)
  2 flayed ghosts (D)
  A swamp dragon (D)
  A lindwurm (D)
  A deep elf pyromancer (D)
  An orc knight (D)
  A cyclops (D)
  A manticore (D)
  2 elephants (D)
  A black mamba (D)
  A molten gargoyle (D)
  A smoke demon (D)
  A kobold demonologist (D)
  A komodo dragon (D)
  An efreet (D)
  A merfolk (D)
  A polar bear (D)
  A jumping spider (D)
  12 dream sheep (D)
  A wyvern (D)
  A shadow (D)
  A spriggan (D)
  5 yaks (D)
  A fire bat (D)
  4 vampire mosquitoes (D)
  A redback (D)
  A warg (D)
  2 floating eyes (D)
  2 orc warriors (D)
  An ogre (D)
  A centaur (D)
  A gnoll sergeant (D)
  3 scorpions (D)
  5 killer bees (D)
  A hound (D)
  A jelly (D)
  An orc priest (D)
  An iron imp (D)
  2 orc wizards (D)
  A mummy (D)
  4 gnolls (D)
  An adder (D)
  2 river rats (D)
  A white imp (D)
  A worm (D)
  3 orcs (D)
  A bat zombie (D)
  An endoplasm (D)
  A kobold (D)
  A ball python skeleton (D)
  A ball python zombie (D)
  A bat (D)
  2 frilled lizards (D)
  3 rats (D)
92 creatures vanquished.

Vanquished Creatures (collateral kills)
  Donald (D)
  A troll (D)
  An orc warrior (D)
  An orc (D)
4 creatures vanquished.

Vanquished Creatures (others)
  A dream sheep (D)
1 creature vanquished.

Grand Total: 97 creatures vanquished

Notes
Turn   | Place    | Note
-------+----------+-------------------------------------------
     0 | D        | mhtbhm the Minotaur Fighter began the quest for the Orb.
     0 | D        | Reached XP level 1. HP: 19/19 MP: 0/0
    18 | D        | Reached XP level 2. HP: 19/28 MP: 1/1
    22 | D        | Found a bloodstained altar of Trog.
    22 | D        | Found a shimmering blue altar of Sif Muna.
    22 | D        | Found a viscous altar of Jiyva.
    22 | D        | Found a hazy altar of Hepliaklqana.
    22 | D        | Found an opulent altar of Gozag.
    23 | D        | Found a glowing golden altar of the Shining One.
    23 | D        | Found a glowing silver altar of Zin.
    23 | D        | Found a basalt altar of Yredelemnul.
    23 | D        | Found a shimmering altar of Xom.
    23 | D        | Found an ornate altar of the Wu Jian Council.
    23 | D        | Found a sacrificial altar of Ru.
    23 | D        | Found a stormy altar of Qazlal.
    23 | D        | Found an iron altar of Okawaru.
    23 | D        | Found a sparkling altar of Nemelex Xobeh.
    23 | D        | Found a burning altar of Makhleb.
    23 | D        | Found a blossoming altar of Fedhas.
    23 | D        | Found a white marble altar of Elyvilon.
    23 | D        | Found a shadowy altar of Dithmenos.
    23 | D        | Found a snail-covered altar of Cheibriados.
    26 | D        | Found a corrupted altar of Lugonu.
    26 | D        | Found a radiant altar of Vehumet.
    27 | D        | Found an ancient bone altar of Kikubaaqudgha.
    27 | D        | Found a hide-covered altar of Uskayaw.
    27 | D        | Found a broken altar of Ashenzari.
    40 | D        | Became a worshipper of Qazlal Stormbringer
   147 | D        | Noticed a floating eye
   147 | D        | Noticed a scorpion
   151 | D        | Killed a floating eye
   151 | D        | Reached * piety under Qazlal
   152 | D        | Reached skill level 4 in Axes
   152 | D        | Reached XP level 3. HP: 39/39 MP: 2/2
   152 | D        | Reached XP level 4. HP: 47/47 MP: 3/3
   157 | D        | Killed a scorpion
   158 | D        | Reached skill level 5 in Axes
   158 | D        | Reached XP level 5. HP: 46/53 MP: 4/4
   209 | D        | Reached ** piety under Qazlal
   288 | D        | Reached *** piety under Qazlal
   289 | D        | Reached skill level 6 in Axes
   298 | D        | Reached **** piety under Qazlal
   300 | D        | Reached XP level 6. HP: 51/62 MP: 5/5
   307 | D        | Reached skill level 7 in Axes
   413 | D        | Noticed an orc warrior
   423 | D        | Killed an orc warrior
   423 | D        | Reached ***** piety under Qazlal
   424 | D        | Reached skill level 8 in Axes
   529 | D        | Noticed a smoke demon
   535 | D        | Killed a smoke demon
   536 | D        | Reached skill level 10 in Fighting
   536 | D        | Reached skill level 10 in Axes
   536 | D        | Reached skill level 10 in Armour
   536 | D        | Reached skill level 10 in Shields
   536 | D        | Reached XP level 7. HP: 54/73 MP: 6/6
   539 | D        | Paralysed by a floating eye for 4 turns
   551 | D        | Reached skill level 11 in Axes
   629 | D        | Noticed a komodo dragon
   629 | D        | Noticed a manticore
   643 | D        | Killed a komodo dragon
   644 | D        | Reached skill level 12 in Axes
   644 | D        | Reached skill level 1 in Dodging
   644 | D        | Reached XP level 8. HP: 19/82 MP: 7/7
   646 | D        | Killed a manticore
   647 | D        | Reached skill level 13 in Axes
   994 | D        | Reached skill level 1 in Invocations
   995 | D        | Reached ****** piety under Qazlal
  1000 | D        | Reached XP level 9. HP: 75/90 MP: 7/10
  1002 | D        | Reached skill level 14 in Axes
  1102 | D        | Noticed a deep elf pyromancer
  1109 | D        | Killed a deep elf pyromancer
  1117 | D        | Noticed an elephant
  1120 | D        | Noticed a lindwurm
  1120 | D        | Noticed an elephant
  1120 | D        | Noticed an orc knight
  1120 | D        | Noticed a troll
  1127 | D        | Reached skill level 15 in Axes
  1127 | D        | Killed an elephant
  1128 | D        | Reached skill level 5 in Invocations
  1129 | D        | Killed an elephant
  1134 | D        | Killed a lindwurm
  1135 | D        | Reached XP level 10. HP: 50/101 MP: 11/13
  1143 | D        | Killed an orc knight
  1144 | D        | Reached skill level 16 in Axes
  1404 | D        | Noticed a flayed ghost
  1405 | D        | Noticed a flayed ghost
  1411 | D        | Killed a flayed ghost
  1412 | D        | Reached skill level 17 in Axes
  1424 | D        | Killed a flayed ghost
  1585 | D        | Noticed a molten gargoyle
  1593 | D        | Reached skill level 18 in Axes
  1593 | D        | Killed a molten gargoyle
  1594 | D        | Reached XP level 11. HP: 79/111 MP: 16/16
  1731 | D        | Reached skill level 15 in Shields
  1732 | D        | Noticed a rakshasa
  1734 | D        | Noticed Donald
  1740 | D        | Reached skill level 15 in Fighting
  1755 | D        | HP: 5/112 [Donald (5)]
  1756 | D        | Killed Donald
  1775 | D        | HP: 3/112 [rakshasa/lance of force (20)]
  1777 | D        | Killed a rakshasa
  2131 | D        | Reached skill level 1 in Stealth
  2131 | D        | Reached skill level 10 in Invocations
  2133 | D        | Noticed a swamp dragon
  2135 | D        | Noticed a deep elf zephyrmancer
  2139 | D        | Reached skill level 19 in Axes
  2139 | D        | Reached skill level 15 in Armour
  2149 | D        | Killed a swamp dragon
  2151 | D        | Killed from afar by a deep elf zephyrmancer

Illustrated notes

Levels and vault maps discovered:
D:        pitsprint [storerooms_1, entrance_room_1, metal_vault_8, armoury_1,
          mini_pit_1, grid_room_1, main_hall_1, silver_pit, the_coven_2,
          the_vestibule_1, steel_vault_3, golden_pit, hallway_of_sentries,
          crystal_vault_4, iron_vault_5, final_vault]

Skill      XL: |  1  2  3  4  5  6  7  8  9 10 11 |
---------------+----------------------------------+-----
Fighting       | 4 7 8 10 11 12 13 14 16 | 16.1
Armour         | 4 7 8 10 11 12 13 15 | 15.3
Shields        | 4 6 7 8 10 11 12 13 14 17 | 17.1
Axes           | 4 5 6 10 12 13 15 18 19 | 19.1
Dodging        | 1 2 |  2.9
Invocations    | 2 6 8 10 | 10.8
Stealth        | 1 |  1.4

Action                   |  1- 3 |  4- 6 |  7- 9 | 10-12 || total
-------------------------+-------+-------+-------+-------++-------
Melee: War axe           |     4 |       |       |       ||     4
       Headbutt          |     2 |    12 |    16 |    20 ||    50
       Hand axe          |     9 |    47 |    21 |       ||    77
       Broad axe         |       |       |    38 |    97 ||   135
Invok: Elemental Force   |       |       |       |     2 ||     2
       Upheaval          |       |       |       |     1 ||     1
       Disaster Area     |       |       |       |     1 ||     1
  Use: Potion            |     1 |       |     1 |     7 ||     9
Armor: Scale mail        |     3 |     8 |       |       ||    11
       Chain mail        |       |     9 |    11 |       ||    20
       Plate armour      |       |       |    29 |    35 ||    64
Dodge: Dodged            |     1 |    10 |    21 |    22 ||    54
Block: Buckler           |     2 |    17 |    52 |    88 ||   159

Table legend: (Time is in decaauts)
 A = Elapsed time spent in this place.
 B = Non-inter-level travel time spent in this place.
 C = Inter-level travel time spent in this place.
 D = Time resting spent in this place.
 E = Time spent auto-exploring this place.
 F = Levels seen in this place.
 G = Mean time per level.
                   A        B        C        D        E       F      G
               +--------+--------+--------+--------+--------+-----+--------+
         Total |   2119 |   2119 |      0 |   1282 |    282 |   1 | 2119.0 |
       Dungeon |   2119 |   2119 |      0 |   1282 |    282 |   1 | 2119.0 |
               +--------+--------+--------+--------+--------+-----+--------+

Top non-repeatable levels by time:
       D: 2119 daAuts
